 Dungeon Crawl Stone Soup version 0.30.0-5-g1a98f26d00 (webtiles) character file.

Game seed: 1268218162255126181

345 qeuew the Covered (level 6, 0/53 HPs)
             Began as a Minotaur Fighter on May 8, 2023.
             Was a Believer of Qazlal.
             Slain by an orc priest
             ... wielding a +0 dagger
              (5 damage)
             ... on level 3 of the Dungeon.
             The game lasted 00:04:04 (1875 turns).

qeuew the Covered (Minotaur Fighter)                Turns: 1875, Time: 00:04:05

Health: 0/53       AC: 10    Str: 21    XL:     6   Next: 32%
Magic:  6/6        EV:  8    Int:  5    God:    Qazlal [**....]
Gold:   130        SH:  8    Dex: 11    Spells: 5/5 levels left

rFire   + . .        a - +0 war axe
rCold   . . .        c - +0 buckler
rNeg    . . .        g - +0 chain mail {rF+}
rPois   .            (helmet restricted)
rElec   .            (no cloak)
rCorr   .            (no gloves)
SInv    .            (no boots)
Will    .....        (no amulet) Stlth
                     (no ring)
HPRegen 0.28/turn    (no ring)
MPRegen 0.10/turn

%: no passive effects
@: no status effects
A: horns 2, retaliatory headbutt
a: Renounce Religion, Upheaval


You were on level 3 of the Dungeon.
You worshipped Qazlal.
Qazlal was pleased with you.
You visited 1 branch of the dungeon, and saw 3 of its levels.

You collected 130 gold pieces.

Inventory:

Hand Weapons
 a - a +0 war axe (weapon)
Armour
 c - a +0 buckler (worn)
 g - a +0 chain mail of fire resistance (worn)
Wands
 f - a wand of roots (7)
Scrolls
 d - a scroll of fog {unknown}
 i - a scroll of identify
Potions
 b - a potion of might
 e - a potion of cancellation
 h - a potion of curing {unknown}


   Skills:
 + Level 4.5 Fighting
 + Level 3.8 Axes
 * Level 5.6 Armour
 + Level 2.3 Dodging
 + Level 4.6 Shields
 + Level 2.0 Invocations


You had 5 spell levels left.
You didn't know any spells.
Your spell library was empty.

Dungeon Overview and Level Annotations

Branches:
Dungeon (3/15)

Altars:
Qazlal

Annotations:
D:3 Natasha


Innate Abilities, Weirdness & Mutations

You have a pair of horns on your head.
You reflexively headbutt those who attack you in melee.


Message History

You hit the orc priest but do no damage.
You closely miss the orc priest.
The cerulean imp hits you but does no damage. x2
The orc priest calls upon Beogh to heal the orc priest.
The orc priest is healed somewhat.
The orc priest mumbles some strange prayers to Beogh against you.
Beogh smites you!
* * * LOW HITPOINT WARNING * * *
Natasha wildly gestures.
Natasha shimmers violently.
Natasha mumbles some strange words.
The cerulean imp barely misses you.
Unknown command.
You hit Natasha.
Natasha is moderately wounded.
You barely miss the orc priest. x2; You barely miss the cerulean imp.
The cerulean imp hits you but does no damage.
The orc priest hits you with a +0 mace.
* * * LOW HITPOINT WARNING * * *
The orc priest hits you but does no damage.
Natasha closely misses you.
The cerulean imp hits you but does no damage.
The cerulean imp hits you from afar with a +2 spear.
* * * LOW HITPOINT WARNING * * *
You block the cerulean imp's attack.
You slash Natasha!
Natasha is almost dead.
You closely miss the cerulean imp. You slash the orc priest!
You barely miss the orc priest.
The orc priest hits you with a +0 dagger.
* * * LOW HITPOINT WARNING * * *
The orc priest calls upon Beogh to heal the orc priest.
The orc priest's wounds heal themselves!
The kobold throws a stone.
You block the stone. Natasha casts a spell at you.
The magic dart hits you but does no damage.
You block the cerulean imp's attack.
The cerulean imp hits you but does no damage. x2
The orc priest hits you with a +0 dagger.
You die...

#.. #.# #.# # #.#
## .# #.# ..#..#
#.###5...##
#########.#.h5.....
#..........@)......
##.....#5oo...$.#
#.##.###...K....
#.###.#........#
##.# #.#........
#..# #......... #
###.######..#......
#
#....†.............
# #.#.######..#..
######


You could see 2 orc priests, Natasha, 3 cerulean imps and a kobold.

Vanquished Creatures
  Sigmund (D:2)
  Ijyb (D:3)
  Terence (D:2)
  Natasha (D:3)
  3 adders (D:2)
  A worm (D:3)
  2 dart slugs (D:1)
  An orc (D:3)
  9 bats
  8 endoplasms
  2 giant cockroaches
  5 hobgoblins
  7 jackals
  3 quokkas (D:2)
  2 ball pythons
  3 frilled lizards
  7 goblins
  9 kobolds
  5 rats
71 creatures vanquished.

Notes
Turn   | Place    | Note
-------+----------+-------------------------------------------
     0 | D:1      | qeuew the Minotaur Fighter began the quest for the Orb.
     0 | D:1      | Reached XP level 1. HP: 19/19 MP: 0/0
   176 | D:1      | Reached XP level 2. HP: 27/27 MP: 1/1
   196 | D:1      | Reached skill level 4 in Armour
   320 | D:1      | Found a faded altar of an unknown god.
   382 | D:1      | Prayed at the altar of an unknown god.
   382 | D:1      | Became a worshipper of Qazlal Stormbringer
   382 | D:1      | Reached * piety under Qazlal
   688 | D:1      | Reached skill level 1 in Dodging
   692 | D:1      | Reached XP level 3. HP: 33/33 MP: 2/2
   809 | D:2      | Noticed Sigmund
   830 | D:2      | Killed Sigmund
   831 | D:2      | Reached skill level 5 in Armour
   831 | D:2      | Reached skill level 1 in Invocations
   831 | D:2      | Reached XP level 4. HP: 9/41 MP: 2/4
   831 | D:2      | Reached XP level 5. HP: 11/47 MP: 2/5
  1057 | D:2      | Reached ** piety under Qazlal
  1115 | D:2      | Noticed Terence
  1133 | D:2      | Killed Terence
  1161 | D:2      | Reached XP level 6. HP: 51/53 MP: 6/6
  1456 | D:3      | Noticed Natasha
  1463 | D:3      | Killed Natasha
  1659 | D:3      | Noticed Ijyb
  1676 | D:3      | HP: 2/53 [constriction (4)]
  1678 | D:3      | Killed Ijyb
  1864 | D:3      | Noticed Natasha
  1875 | D:3      | Slain by an orc priest

Illustrated notes

Levels and vault maps discovered:
D:1:      wander_arrival_desolate, layout_basic, ebering_ecumenical_altar_box
D:2:      layout_rooms, fountainhead, uniq_terence, uniq_sigmund
D:3:      layout_loops_ring, lexackson_kobold_supper, uniq_ijyb, uniq_natasha

Skill      XL: |  1  2  3  4  5  6 |
---------------+-------------------+-----
Armour         | 4 5 |  5.6
Dodging        | 1 2 |  2.3
Fighting       | 4 |  4.5
Axes           | 3 |  3.8
Shields        | 4 |  4.6
Invocations    | 1 2 |  2.0

Action                     |  1- 3 |  4- 6 || total
---------------------------+-------+-------++-------
  Melee: War axe           |    49 |    89 ||   138
         Headbutt          |     3 |    12 ||    15
 Invoke: Upheaval          |       |     1 ||     1
    Use: Scroll            |     3 |     2 ||     5
         Potion            |     1 |     4 ||     5
 Armour: Scale mail        |    20 |       ||    20
         Chain mail        |       |    56 ||    56
  Dodge: Dodged            |    26 |    40 ||    66
  Block: Buckler           |    19 |    35 ||    54
